Map: Prion Terraces

Players

lesha - Winner!

  • Race: Terran Terran
  • League: Silver

defer

  • Race: Terran Terran
  • League: Bronze

VOD

Have the link to the VOD?

Description

Time

  • Played on: Jan. 6, 2016, 10:17 a.m.
  • Length: 8:01
Show
View Real Time Build Order
Export as new Build Order

lesha Terran - Winner!

Build Orders:  

Get SALT Encoding   

  12  0:01  SCV  
  13  0:13  SCV  
  14  0:18  Supply Depot  
  14  0:26  SCV  
  15  0:41  Barracks  
  15  0:50  SCV  
  15  0:56  Refinery  
  16  1:04  SCV  
  17  1:16  SCV  
  18  1:34  Command Center, Orbital Command  
  18  1:46  Barracks Reactor  
  18  1:52  Refinery  
  18  1:57  Supply Depot  
  18  2:02  SCV  
  19  2:14  SCV  
  20  2:19  Barracks  
  20  2:23  Marine  
  20  2:26  SCV  
  22  2:35  Marine  
  23  2:38  SCV  
  23  2:41  Marine  
  25  2:48  Factory  
  25  2:50  SCV  
  26  2:51  Orbital Command  
  26  2:56  Marine  
  27  3:05  SCV  
  28  3:14  Marine x2  
  28  3:15  Barracks Tech Lab  
  28  3:17  SCV  
  31  3:25  SCV  
  32  3:29  SCV, Supply Depot  
  32  3:32  Marine x2  
  35  3:37  SCV, Starport  
  36  3:41  SCV  
  36  3:48  Marauder  
  39  3:49  SCV  
  39  3:50  Factory Tech Lab  
  39  3:53  SCV  
  39  3:54  Stimpack  
  41  4:04  Barracks  
  41  4:09  SCV x2  
  43  4:12  Barracks  
  43  4:16  Marine x2  
  43  4:17  Marine  
  46  4:31  Starport Reactor  
  46  4:33  Siege Tank  
  49  4:39  Marine x2  
  49  4:41  Marauder  
  49  4:45  SCV  
  54  4:52  Supply Depot  
  54  4:53  Supply Depot  
  54  4:55  Supply Depot  
  54  4:57  Barracks Reactor, Engineering Bay  
  54  4:59  Barracks Reactor  
  54  5:13  SCV x2, Siege Tank, Marine x2  
  61  5:14  Medivac x2  
  63  5:25  SCV  
  64  5:43  Marine x3  
  64  5:44  Marine x4  
  64  5:45  Medivac  
  70  6:01  Marine x3  
  73  6:07  Missile Turret  
  73  6:08  Missile Turret  
  73  6:15  Missile Turret  
  73  6:16  SCV x2, Missile Turret x2  
  69  6:27  Marine x2  
  69  6:28  SCV x2, Marine x5  
  65  7:02  SCV x2  
  67  7:14  SCV  
  67  7:15  SCV  
Show
View Real Time Build Order
Export as new Build Order

defer Terran 

Build Orders: Command Center First (CC), Liberator Opening 

Get SALT Encoding   

  12  0:01  SCV  
  13  0:13  SCV  
  14  0:20  Supply Depot  
  14  0:26  SCV  
  15  0:41  SCV  
  16  0:59  Command Center  
  16  1:08  Refinery  
  16  1:11  Refinery  
  16  1:22  Barracks  
  16  1:25  SCV  
  17  1:37  SCV  
  18  1:49  SCV  
  20  2:01  SCV  
  20  2:12  Factory  
  20  2:13  Orbital Command  
  20  2:25  Orbital Command  
  20  2:37  Supply Depot  
  20  2:42  SCV  
  21  2:54  SCV  
  22  2:59  Starport  
  22  3:02  Bunker  
  22  3:06  SCV  
  22  3:09  Factory Reactor  
  24  3:12  SCV  
  24  3:18  SCV  
  25  3:20  Marine  
  25  3:25  SCV  
  27  3:31  SCV  
  28  3:36  Liberator  
  28  3:37  SCV, Liberator  
  28  3:38  Marine  
  36  3:59  SCV x2  
  36  4:01  Marine  
  39  4:09  Factory Reactor  
  39  4:11  SCV x2  
  39  4:13  Barracks  
  39  4:14  Barracks  
  39  4:16  Barracks  
  41  4:23  SCV x2  
  43  4:27  Barracks Reactor  
  43  4:29  Supply Depot  
  43  4:33  Liberator x2  
  43  4:35  SCV  
  43  4:36  SCV  
  45  4:43  Supply Depot  
  45  4:46  Refinery  
  45  4:47  SCV  
  45  4:48  Refinery  
  52  4:53  SCV  
  52  4:59  SCV  
  54  5:05  SCV  
  55  5:11  SCV  
  55  5:13  Barracks Reactor x2  
  56  5:17  SCV  
  56  5:20  Barracks Tech Lab  
  54  6:13  Marine x2  
  54  6:14  Marine x5  
  61  6:30  Liberator  
  61  6:31  Marine  
  62  6:34  Liberator  
  62  6:41  Marine  
  62  6:46  Marine x2  
  61  6:49  Marine  
  61  6:53  Marine  
  58  7:01  Marine  
  58  7:04  Marine  
  53  7:12  SCV  
Tags
 
Add a new tag
Caveats
  • Supply blocks, unpowered buildings, or Contaminate may cause inaccurate times.
  • Supply counts are checked every 10 seconds.